 Dungeon Crawl Stone Soup version 0.27.0-1-g7a089689b8 (webtiles) character file.

Game seed: 6998741859268376470

55 MajorAdolf the Sneak (level 3, -20/33 HPs)
             Began as a Naga Wanderer on Aug 15, 2021.
             Killed by an exploding gnoll (42 damage)
             ... ignited by their inner flame
             ... on level 2 of the Dungeon.
             The game lasted 00:06:33 (2731 turns).

MajorAdolf the Sneak (Naga Wanderer)                Turns: 2731, Time: 00:06:34

Health: -20/33     AC:  1    Str: 14    XL:     3   Next: 93%
Magic:  4/4        EV:  9    Int: 12    God:
Gold:   121        SH:  0    Dex: 11    Spells: 4/4 levels left

rFire    . . .     SeeInvis +   a - +2 hand crossbow
rCold    . . .     Faith    .   (no shield)
rNeg     . . .     Spirit   .   (no armour)
rPois    +         Reflect  .   (no helmet)
rElec    .         Harm     .   (no cloak)
rCorr    .         Rampage  .   (no gloves)
Will     .....                  (no barding)
Stlth    ++........             (no amulet)
HPRegen  0.11/turn              (no ring)
MPRegen  0.09/turn              (no ring)

@: very slow
A: AC +1, large, see invisible, deformed body, poison resistance, slowness 2,
spit poison 1, naga tail 1
a: Spit Poison


You were on level 2 of the Dungeon.
You visited 1 branch of the dungeon, and saw 2 of its levels.

You collected 121 gold pieces.

Inventory:

Hand Weapons
 a - a +2 hand crossbow (weapon)
 e - a +0 dagger
Missiles
 b - 23 bolts (quivered ammo)
 c - 25 sling bullets
 g - a throwing net


   Skills:
 + Level 2.6 Fighting
 - Level 1.7 Crossbows
 - Level 1.0 Throwing
 - Level 1.5 Armour
 + Level 4.2 Stealth
 - Level 1.0 Spellcasting
 - Level 2.0 Translocations


You had 4 spell levels left.
You didn't know any spells.
Your spell library contained the following spells:

 Spells                   Type           Power      Damage    Failure   Level
 Shock                    Conj/Air       0%         1d3       30%         1
 Swiftness                Air            0%         N/A       65%         3
 Airstrike                Air            0%         N/A       96%         4


Dungeon Overview and Level Annotations

Branches:
Dungeon (2/15)

Altars:

Shops:
D:1 !


Innate Abilities, Weirdness & Mutations

Your serpentine skin is tough. (AC +1)
You have supernaturally acute eyesight. (SInv)
Armour fits poorly on your strangely shaped body.
Your system is resistant to poisons. (rPois)
You cover ground very slowly.
You can spit poison.
You have a snake-like lower body.


Message History

You shoot a bolt. The bolt hits the bat!
You kill the bat!
b - 21 bolts (gained 1)
b - 22 bolts (gained 1)
b - 23 bolts (gained 1)
You pick up a book of Air and begin reading...
You add the spells Shock, Swiftness and Airstrike to your library.
You open the door. You open the door.
There is an open door here. 4 gnolls come into view.
The gnoll shouts! x3
There are monsters nearby!
Okay, then.
You aren't carrying any potions.
Unknown command.
Okay, then.
There is an open door here.
Press: ? - help, Shift-Dir - straight line, f - gnoll
Aim: a gnoll, wielding a +0 whip The splash of poison hits the gnoll!
The gnoll is poisoned.
The gnoll is heavily wounded.
The gnoll hits you with a +0 whip.
Unknown command.
The gnoll hits you with a +0 whip.
Unknown command.
As you read the scroll labelled NUTUEROFOLL, it crumbles to dust.
It is a scroll of enchant armour.
You aren't carrying any armour which can be enchanted further.
The gnoll hits you with a +0 whip.
As you read the scroll labelled NONAOM AFUNO, it crumbles to dust.
The creatures around you are filled with an inner flame!
It was a scroll of immolation.
You have got your breath back.
Flame seeps out of the gnoll.
The gnoll is engulfed in blazing flames.
The gnoll explodes!
The fiery explosion engulfs the gnoll!!
The fiery explosion engulfs you!!!
Ouch! That really hurt!
You die...

#.##.......#.# #.
#..........#.#####.#
###..........#.....###
#.####'#####.......##..
#.# #.#.###...g.......
#.####'#...###g#...###.
#....†.....# #§#.g.#
#####......# #○#g..#
#......# #@#..g#
#......# #.#...#
#......###.#####
####'#......#
#.##.....# #.##..÷..#
#.##.....# #.....####
######### #####.#
#........


You could see 2 gnolls.

Vanquished Creatures
  2 gnolls (D:2)
  2 adders (D:2)
  3 dart slugs (D:1)
  5 endoplasms
  2 giant cockroaches (D:1)
  2 goblins (D:2)
  2 hobgoblins (D:2)
  A quokka (D:2)
  4 ball pythons (D:1)
  2 bats (D:2)
  2 frilled lizards (D:1)
  5 kobolds (D:1)
  2 rats
34 creatures vanquished.

Notes
Turn   | Place    | Note
-------+----------+-------------------------------------------
     0 | D:1      | MajorAdolf the Naga Wanderer began the quest for the Orb.
     0 | D:1      | MajorAdolf set off with the following items: a +2 hand
                  | crossbow, 24 bolts, a +0 ring mail, a potion of
                  | lignification
     0 | D:1      | Reached XP level 1. HP: 18/18 MP: 2/2
    81 | D:1      | Reached skill level 2 in Stealth
   310 | D:1      | Found Qaish's Distillery.
   340 | D:1      | Reached XP level 2. HP: 25/25 MP: 3/3
   901 | D:1      | Reached skill level 3 in Stealth
  1609 | D:1      | Reached XP level 3. HP: 32/32 MP: 4/4
  2360 | D:2      | Reached skill level 4 in Stealth
  2376 | D:2      | HP: 2/49 [adder (2)]
  2731 | D:2      | Killed by an exploding gnoll... ignited by their inner
                  | flame

Illustrated notes

Levels and vault maps discovered:
D:1:      ebering_trefoil_3fold, layout_loops_corners, serial_shops, shop
D:2:      layout_basic

Skill      XL: |  1  2  3 |
---------------+----------+-----
Stealth        | 2 3 4 |  4.2
Fighting       | 2 |  2.6
Crossbows      | |  1.7
Throwing       | |  1.0
Armour         | |  1.5
Spellcasting   | |  1.0
Translocations | |  2.0

Action                   || total
-------------------------++-------
Melee: Dagger            ||     7
 Fire: Hand crossbow     ||    20
 Abil: Spit Poison       ||    30
  Use: Scroll            ||     2
       Potion            ||     2
 Stab: Sleeping          ||     1
Armor: Skin              ||     3
Dodge: Dodged            ||    14
